 Dungeon Crawl Stone Soup version 0.27.1-34-g3ba077fa99 (webtiles) character file.

Game seed: 1102498663103472820

584 zeram the Covert (level 7, 0/45 HPs)
             Began as an Octopode Brigand on Jan 21, 2022.
             Slain by an ufetubus (3 damage)
             ... on level 5 of the Dungeon.
             The game lasted 00:05:19 (3901 turns).

zeram the Covert (Octopode Brigand)                 Turns: 3901, Time: 00:05:20

Health: 0/45       AC:  1    Str: 10    XL:     7   Next: 37%
Magic:  7/7        EV: 12    Int: 15    God:
Gold:   16         SH:  0    Dex: 14    Spells: 3/6 levels left

rFire    . . .     SeeInvis .   a - +2 dagger
rCold    . . .     Faith    .   (no shield)
rNeg     . . .     Spirit   .   (helmet restricted)
rPois    .         Reflect  .   (no amulet)
rElec    .         Harm     .   (no ring)
rCorr    .         Rampage  .   (no ring)
Will     .....                  (no ring)
Stlth    ++++++....             (no ring)
HPRegen  0.15/turn              (no ring)
MPRegen  0.10/turn              (no ring)
                                (no ring)
                                (no ring)

@: mighty, studying Stealth
A: almost no armour, amphibious, 8 rings, camouflage 1, gelatinous body 1,
(nimble swimmer 1), tentacles
a: no special abilities


You were on level 5 of the Dungeon.
You visited 1 branch of the dungeon, and saw 5 of its levels.

You collected 91 gold pieces.
You spent 75 gold pieces at shops.

Inventory:

Hand Weapons
 a - a +2 dagger (weapon)
Missiles
 b - 30 poisoned darts (quivered)
 c - 2 curare-tipped darts
Armour
 n - a +2 kite shield
Wands
 i - a wand of polymorph (3)
Scrolls
 j - a scroll of summoning {unknown}
 l - a scroll of fog
Potions
 d - a potion of brilliance {unknown}
 e - 2 potions of haste
 f - a potion of curing
 k - a potion of mutation {unknown}
 m - a potion of flight {unknown}


   Skills:
 - Level 2.0 Fighting
 - Level 2.0 Short Blades
 - Level 2.0 Throwing
 - Level 1.0 Dodging
 + Level 13.6 Stealth


You had 3 spell levels left.
You knew the following spells:

 Your Spells              Type           Power      Damage    Failure   Level
a - Call Canine Familiar  Summ           0%         N/A       63%         3

Your spell library contained the following spells:

 Spells                   Type           Power      Damage    Failure   Level
 Summon Small Mammal      Summ           0%         N/A       26%         1
 Summon Guardian Golem    Hex/Summ       0%         N/A       63%         3


Dungeon Overview and Level Annotations

Branches:
Dungeon (5/15)
 Temple: D:4-7

Altars:
Qazlal

Shops:
D:4 *


Innate Abilities, Weirdness & Mutations

You cannot wear most types of armour.
You are amphibious.
You can wear up to eight rings at the same time.
Your skin changes colour to match your surroundings (Stealth+).
Your rubbery body absorbs attacks. (AC +1, EV +1)
((You are camouflaged near water. (Stealth+)))
You have tentacles for arms and can constrict up to eight enemies at once.


Message History

There are monsters nearby!
There are monsters nearby!
There are monsters nearby!
There are monsters nearby!
You feel very mighty all of a sudden.
The centaur wields a +0 shortbow.
The centaur shoots an arrow.
The arrow barely misses you. The ufetubus closely misses you.
The ufetubus hits you. x2
The ufetubus barely misses you.
You closely miss the ufetubus. Your grab misses the ufetubus.
The ufetubus completely misses you. The ufetubus barely misses you.
The centaur shoots an arrow.
The arrow hits you.
You completely miss the centaur zombie. The centaur zombie barely misses you.
The centaur zombie misses you. The ufetubus barely misses you.
The ufetubus hits you.
The centaur shoots an arrow.
The arrow hits you! The centaur zombie hits you. The centaur zombie misses you.
You completely miss the centaur zombie. You squeeze the centaur zombie!
The centaur zombie is heavily damaged.
The ufetubus hits you. The ufetubus closely misses you.
The centaur zombie barely misses you. x2; The ufetubus barely misses you. x2
You hit the centaur zombie. You squeeze the centaur zombie.
The centaur zombie is severely damaged.
The centaur shoots an arrow.
The arrow hits you!
* * * LOW HITPOINT WARNING * * *
The ufetubus barely misses you. x2; The centaur zombie hits you.
* * * LOW HITPOINT WARNING * * *
The centaur zombie barely misses you.
The centaur shoots an arrow.
The arrow barely misses you.
Unknown command.
The centaur shoots an arrow.
The arrow barely misses you. The centaur zombie barely misses you.
The centaur zombie kicks you but does no damage.
The ufetubus hits you.
* * * LOW HITPOINT WARNING * * *
The ufetubus closely misses you.
There is a stone staircase leading up here.
The centaur zombie hits you.
* * * LOW HITPOINT WARNING * * *
The centaur zombie closely misses you. The ufetubus hits you.
You die...

########
##......##
##........##
.......@5).#
#.......Z.......
......c....##...
...........# .
...........#
##........##
...........
...........#


You could see a centaur, an ufetubus and a centaur zombie.

Vanquished Creatures
  A water moccasin (D:3)
  2 black bears (D:4)
  A bullfrog (D:4)
  A bullfrog zombie (D:4)
  A jelly (D:4)
  2 iguanas (D:4)
  2 hound skeletons (D:4)
  3 adders
  A worm (D:2)
  2 dart slugs (D:1)
  3 orcs (D:4)
  7 ball pythons
  4 bats
  11 endoplasms
  3 giant cockroaches (D:1)
  9 goblins
  4 hobgoblins
  3 kobolds
  3 quokkas
  3 frilled lizards
  4 rats
70 creatures vanquished.

Notes
Turn   | Place    | Note
-------+----------+-------------------------------------------
     0 | D:1      | zeram the Octopode Brigand began the quest for the Orb.
     0 | D:1      | Reached XP level 1. HP: 14/14 MP: 1/1
   281 | D:1      | Reached XP level 2. HP: 2/19 MP: 2/2
   635 | D:1      | Reached skill level 6 in Stealth
   802 | D:1      | Reached XP level 3. HP: 24/24 MP: 3/3
  1108 | D:1      | Reached skill level 7 in Stealth
  1373 | D:2      | Reached XP level 4. HP: 24/29 MP: 4/4
  1744 | D:2      | Found a faded altar of an unknown god.
  1842 | D:3      | Noticed a water moccasin
  1849 | D:3      | Killed a water moccasin
  1850 | D:3      | Reached skill level 9 in Stealth
  1850 | D:3      | Reached XP level 5. HP: 34/34 MP: 5/5
  2320 | D:4      | Identified a scroll of acquirement
  2320 | D:4      | Acquired a manual of Stealth
  2530 | D:4      | Reached XP level 6. HP: 31/39 MP: 6/6
  2534 | D:4      | Learned a level 3 spell: Call Canine Familiar
  2845 | D:4      | Found Qakit's Assorted Antiques.
  2856 | D:4      | Bought a scroll labelled CIQOET WAUCWE for 27 gold pieces
  2856 | D:4      | Bought a pink potion for 24 gold pieces
  2856 | D:4      | Bought a sapphire potion for 24 gold pieces
  2909 | D:4      | Reached skill level 10 in Stealth
  2917 | D:4      | Noticed a black bear
  2924 | D:4      | Killed a black bear
  2925 | D:4      | Reached skill level 11 in Stealth
  3038 | D:4      | Noticed a black bear
  3039 | D:4      | Found a stormy altar of Qazlal.
  3139 | D:4      | Reached skill level 12 in Stealth
  3139 | D:4      | Reached XP level 7. HP: 5/45 MP: 7/7
  3663 | D:4      | Reached skill level 13 in Stealth
  3893 | D:5      | Entered Level 5 of the Dungeon
  3901 | D:5      | Slain by an ufetubus

Illustrated notes

Levels and vault maps discovered:
D:1:      dpeg_arrival_simpleton_c, layout_loops_ring, minmay_3d_cube
D:2:      layout_rooms, shapermc_ecumenical_altar_petra
D:3:      layout_loops_ring, lemuel_round_altar
D:4:      layout_cave_pods, serial_shops, shop, st_stairs_3,
          minmay_ruined_shrine
D:5:      layout_rooms, mainiacjoe_overflow_alcove_2, serial_shops,
          nicolae_shop_behind_doors

Skill      XL: |  1  2  3  4  5  6  7 |
---------------+----------------------+-----
Stealth        | 6 7 9 12 13 | 13.6
Fighting       | |  2.0
Short Blades   | |  2.0
Throwing       | |  2.0
Dodging        | |  1.0

Action                   |  1- 3 |  4- 6 |  7- 9 || total
-------------------------+-------+-------+-------++-------
Melee: Dagger            |    64 |    59 |    26 ||   149
       Constrict         |    10 |    16 |     4 ||    30
       Tentacles         |     8 |     8 |     9 ||    25
Throw: Dart              |       |     5 |     2 ||     7
  Use: Scroll            |     3 |     4 |     1 ||     8
       Potion            |       |     2 |     1 ||     3
 Stab: Sleeping          |    22 |    12 |       ||    34
Armor: Skin              |     4 |     6 |     3 ||    13
Dodge: Dodged            |    12 |    25 |    37 ||    74
